 Dungeon Crawl Stone Soup version 0.29-a0-320-g9f8742066b (webtiles) character file.

Game seed: 4946134445018724427

44 YayAnonymity the Shield-Bearer (level 3, 0/29 HPs)
             Began as a Formicid Fighter on Apr 3, 2022.
             Slain by an adder (2 damage)
             ... on level 2 of the Dungeon.
             The game lasted 00:01:31 (1038 turns).

YayAnonymity the Shield-Bearer (Formicid Fighter)   Turns: 1038, Time: 00:01:32

Health: 0/29       AC:  6    Str: 22    XL:     3   Next: 85%
Magic:  3/3        EV:  9    Int:  7    God:
Gold:   29         SH:  4    Dex: 10    Spells: 2/2 levels left

rFire   . . .      SeeInvis +   a - +0 war axe
rCold   . . .      Faith    .   c - +0 buckler
rNeg    . . .      Spirit   .   b - +0 scale mail
rPois   .          Reflect  .   (helmet unavailable)
rElec   .          Harm     .   (no cloak)
rCorr   .          Rampage  .   (no gloves)
Will    .....                   (no boots)
Stlth   ..........              (no amulet)
HPRegen 0.09/turn               (no ring)
MPRegen 0.08/turn               (no ring)

@: lethally poisoned (0 -> -9), flying, invisible
A: permanent stasis, dig shafts and tunnels, antennae 3, four strong arms
a: Dig, Shaft Self


You were on level 2 of the Dungeon.
You visited 1 branch of the dungeon, and saw 2 of its levels.

You collected 29 gold pieces.

Inventory:

Hand Weapons
 a - a +0 war axe (weapon)
Missiles
 e - 95 stones
Armour
 b - a +0 scale mail (worn)
 c - a +0 buckler (worn)
Scrolls
 f - a scroll of blinking {unknown}
 i - a scroll of enchant armour {unknown}
 j - a scroll of fear {unknown}
 n - a scroll of holy word {unknown}
Potions
 d - a potion of might
 g - a potion of attraction {unknown}
 h - a potion of flight
 k - a potion of invisibility
 l - a potion of brilliance {unknown}
 m - a potion of cancellation {unknown}
 o - a potion of degeneration {unknown}


   Skills:
 - Level 3.2 Fighting
 * Level 3.3 Axes
 - Level 3.2 Armour
 + Level 4.3 Shields


You had 2 spell levels left.
You didn't know any spells.
Your spell library contained the following spells:

 Spells                   Type           Power      Damage    Failure   Level
 Lesser Beckoning         Tloc           0%         N/A       99%         3
 Manifold Assault         Tloc           0%         N/A       100%        5
 Blink                    Tloc           Unusable   N/A       N/A         2

Dungeon Overview and Level Annotations

Branches:
Dungeon (2/15)

Altars:


Innate Abilities, Weirdness & Mutations

You cannot be hasted, slowed, berserked, paralysed or teleported.
You can dig through walls and to a lower floor.
You have a pair of large antennae on your head. (SInv)
Your four strong arms can wield two-handed weapons with a shield.


Message History

You barely miss the adder. You barely miss the kobold. The adder bites you.
You are poisoned.
The adder poisons you! The kobold hits you but does no damage.
The adder bites you but does no damage.
You barely miss the adder. You barely miss the kobold.
You feel very sick. The adder bites you but does no damage.
The kobold hits you with a +0 whip. The adder bites you but does no damage.
The kobold barely misses you.
You closely miss the adder. You hit the kobold.
You feel sick. You block the adder's attack. The kobold closely misses you.
The adder bites you but does no damage.
You barely miss the kobold.
The kobold is moderately wounded.
You miss the adder.
You feel sick. The adder bites you.
You are more poisoned.
The adder poisons you! You block the kobold's attack.
The adder bites you but does no damage.
You are too injured to fight recklessly!
You are too injured to fight recklessly!
You slash the adder!
The adder is almost dead.
You slash the kobold!
You kill the kobold!
You feel very sick. The adder bites you.
* * * LOW HITPOINT WARNING * * *
You are lethally poisoned!
The adder poisons you!
It was a potion of flight.
You feel very buoyant.
You fly up into the air.
* * * LOW HITPOINT WARNING * * *
You feel very sick. The adder closely misses you.
The adder bites you but does no damage.
It was a potion of invisibility.
You fade into invisibility!
* * * LOW HITPOINT WARNING * * *
You feel very sick. The adder bites you.
You die...

.....##.......# #.#.#
.....##.......#####.#.######.
..<..............#...........
'#######+#.#####.####.########
..............................
...........#####.####..####...
#.#####....# #.# ##.##
......+....# #.# #..#
..#####...## #@# ##.# ..#
#...# #..)S)..# #.# ..# #####
#.......###'### ..#
#.......#.....# ..# ..
+...!...#.....# ..# #.#
#.......#.....# ..# #.#
#.......#.....# ..# #.#
#.......#.....####.## ..# #.#
#####........


You could see an adder (can't see you).

Vanquished Creatures
  An adder (D:2)
  2 dart slugs (D:1)
  3 bats
  2 endoplasms
  2 giant cockroaches (D:1)
  3 goblins
  4 hobgoblins (D:1)
  2 quokkas
  3 ball pythons (D:1)
  A frilled lizard (D:2)
  2 kobolds
  4 rats
29 creatures vanquished.

Notes
Turn   | Place    | Note
-------+----------+-------------------------------------------
     0 | D:1      | YayAnonymity the Formicid Fighter began the quest for the
                  | Orb.
     0 | D:1      | Reached XP level 1. HP: 18/18 MP: 1/1
    54 | D:1      | Reached XP level 2. HP: 17/24 MP: 2/2
   338 | D:1      | Found a faded altar of an unknown god.
   396 | D:1      | Reached skill level 4 in Shields
   531 | D:1      | Reached XP level 3. HP: 29/29 MP: 3/3
  1038 | D:2      | Slain by an adder

Illustrated notes

Levels and vault maps discovered:
D:1:      dpeg_arrival_tiny_c, layout_rooms, ebering_ecumenical_altar_abandoned
D:2:      layout_basic

Skill      XL: |  1  2  3 |
---------------+----------+-----
Shields        | 4 |  4.3
Axes           | 3 |  3.3
Fighting       | |  3.2
Armour         | |  3.2

Action                   || total
-------------------------++-------
Melee: War axe           ||    71
  Use: Potion            ||     2
Armor: Scale mail        ||    41
Dodge: Dodged            ||    38
Block: Buckler           ||    20

Table legend: (Time is in decaauts)
 A = Elapsed time spent in this place.
 B = Non-inter-level travel time spent in this place.
 C = Inter-level travel time spent in this place.
 D = Time resting spent in this place.
 E = Time spent auto-exploring this place.
 F = Levels seen in this place.
 G = Mean time per level.
                   A        B        C        D        E       F      G
               +--------+--------+--------+--------+--------+-----+--------+
         Total |   1064 |   1062 |      2 |    214 |    653 |   2 |  532.0 |
       Dungeon |   1064 |   1062 |      2 |    214 |    653 |   2 |  532.0 |
               +--------+--------+--------+--------+--------+-----+--------+

Top non-repeatable levels by time:
     D:1: 634 daAuts
     D:2: 430 daAuts
